 Dungeon Crawl Stone Soup version 0.24.0-2-g5b39cebb1c (webtiles) character file.

Game seed: 11484179651952561950, levelgen mode: deterministic

67 Esekla the Skirmisher (level 4, -11/31 HPs)
             Began as an Octopode Abyssal Knight on Oct 30, 2019.
             Was a Believer of Lugonu.
             Killed by divine providence
             ... invoked by an orc priest
              (13 damage)
             ... on level 3 of the Dungeon.
             The game lasted 00:09:46 (1557 turns).

Esekla the Skirmisher (Octopode Abyssal Knight)     Turns: 1557, Time: 00:09:46

Health: -11/31     AC:  3    Str: 11      XL:     4   Next: 16%
Magic:  5/5        EV: 14    Int: 13 (14) God:    Lugonu [**....]
Gold:   68         SH:  0    Dex: 12      Spells: 3/3 levels left

rFire    . . .     SeeInvis .   e - +2 short sword (speed)
rCold    . . .     Gourm    .   (no shield)
rNeg     . . .     Faith    .   (helmet restricted)
rPois    .         Spirit   .   (no amulet)
rElec    .         Reflect  .   (no ring)
rCorr    .         Harm     .   (no ring)
MR       .....                  (no ring)
Stlth    +++.......             (no ring)
HPRegen  0.10/turn              (no ring)
MPRegen  0.09/turn              (no ring)
                                (no ring)
                                (no ring)

@: no status effects
A: almost no armour, stealthy swim, amphibious, 8 rings, constrict 8, molten
scales 1, camouflage 1, gelatinous body 1, subdued magic 1
a: Depart the Abyss, Bend Space, Renounce Religion


You were on level 3 of the Dungeon.
You worshipped Lugonu.
Lugonu was pleased with you.
You were not hungry.

You visited 1 branch of the dungeon, and saw 3 of its levels.
You visited the Abyss 1 time.

You collected 68 gold pieces.

Inventory:

Hand Weapons
 a - a +1 falchion
 e - a +2 short sword of speed (weapon)
Armour
 k - a +0 buckler
Scrolls
 c - a scroll of teleportation {unknown}
 f - 3 scrolls of immolation {unknown}
 i - 2 scrolls of blinking {unknown}
 m - a scroll of identify {unknown}
Potions
 d - 2 potions of magic {unknown}
 g - a potion of brilliance {unknown}
 h - a potion of lignification {unknown}
 l - 2 potions of mutation {unknown}
Comestibles
 b - 4 rations


   Skills:
 + Level 3.5 Fighting
 * Level 1.4(2.3) Short Blades
 * Level 2.7(3.0) Long Blades
 + Level 2.7 Dodging
 + Level 1.1 Stealth
 + Level 2.0 Invocations


You had 3 spell levels left.
You didn't know any spells.
Your spell library was empty.

Dungeon Overview and Level Annotations

Branches:
Dungeon (3/15)

Altars:
Dithmenos
Elyvilon
Fedhas
Hepliaklqana
Kikubaaqudgha
Makhleb
Nemelex Xobeh
Trog
Yredelemnul

Portals:
Sewer: D:3


Innate Abilities, Weirdness & Mutations

You cannot wear most types of armour.
You are very stealthy in the water. (Stealth+)
You are amphibious.
You can wear up to eight rings at the same time.
You can use your tentacles to constrict eight enemies at once.
Your skin changes colour to match your surroundings (Stealth+).
Your rubbery body absorbs attacks. (AC +1, EV +1)
You are partially covered in molten scales. (AC +2)
Your spells are a little easier to cast, but a little less powerful.


Message History

You constrict the orc, but do no damage.
The orc escapes!
You don't know any spells.
Okay, then.
The orc priest closely misses you.
The kobold shouts!
You hit the orc priest but do no damage.
Your grab misses the orc priest. The orc closely misses you.
The rat closely misses you. The orc priest barely misses you.
The kobold throws a stone.
The stone hits you but does no damage.
You hit the orc priest. You grab the orc priest.
The orc priest is moderately wounded.
You constrict the orc priest, but do no damage.
The orc barely misses you. The rat barely misses you.
You hit the orc priest but do no damage.
The orc priest is moderately wounded.
You constrict the orc priest, but do no damage.
The orc priest calls down the wrath of Beogh upon you.
Beogh smites you!
You die...

#..## ##..#
#..######..
#†.[K......
#...<#####
###..#..#
######...###.#
#.....o.## ...
..###.@#####..##
.......orr$.....
######.######.###
... #... #...
#... #...


You could see an orc priest, an orc, a kobold and 2 rats.

Vanquished Creatures
  An adder (D:2)
  2 worms
  2 dart slugs
  3 leopard geckos (D:1)
  An orc (D:3)
  8 bats
  2 giant cockroaches
  3 hobgoblins (D:2)
  5 kobolds
  A ball python (D:2)
  4 frilled lizards
  7 goblins
  4 rats (D:1)
43 creatures vanquished.

Notes
Turn   | Place    | Note
-------+----------+-------------------------------------------
     0 | Abyss:1  | Esekla the Octopode Abyssal Knight began the quest for the
                  | Orb.
     0 | Abyss:1  | Reached XP level 1. HP: 16/16 MP: 2/2
    31 | Abyss:1  | Noticed a raiju
    32 | Abyss:1  | Noticed a neqoxec
    63 | Abyss:1  | Gained mutation: You are partially covered in molten
                  | scales. (AC +2) [a neqoxec]
    69 | Abyss:1  | Gained mutation: Your spells are a little easier to cast,
                  | but a little less powerful. [a neqoxec]
    89 | Abyss:1  | Noticed a quasit
    90 | D:1      | Escaped the Abyss
   171 | D:1      | Reached * piety under Lugonu
   207 | D:1      | Reached XP level 2. HP: 21/21 MP: 3/3
   570 | D:2      | Found a white marble altar of Elyvilon.
   617 | D:2      | Reached XP level 3. HP: 26/26 MP: 4/4
   656 | D:2      | Found a basalt altar of Yredelemnul.
   714 | D:1      | Reached skill level 1 in Short Blades
  1107 | D:2      | Found a blossoming altar of Fedhas.
  1107 | D:2      | Found a hazy altar of Hepliaklqana.
  1108 | D:2      | Found a bloodstained altar of Trog.
  1108 | D:2      | Found a burning altar of Makhleb.
  1110 | D:2      | Found an ancient bone altar of Kikubaaqudgha.
  1111 | D:2      | Found a shadowy altar of Dithmenos.
  1131 | D:2      | Found a sparkling altar of Nemelex Xobeh.
  1348 | D:2      | Reached ** piety under Lugonu
  1403 | D:2      | Reached XP level 4. HP: 24/31 MP: 5/5
  1517 | D:3      | Found a glowing drain.
  1533 | D:3      | Reached skill level 1 in Stealth
  1557 | D:3      | Killed from afar by an orc priest

Levels and vault maps discovered:
D:1:      psy_arrival_radial01, layout_basic
D:2:      layout_basic, kennysheep_ying_yang, grunt_temple_overflow_octagram
D:3:      layout_rooms, first_ration, cheibrodos_sewer_entry_sluice

Skill      XL: |  1  2  3  4 |
---------------+-------------+-----
Short Blades   | 1 |  1.4
Stealth        | 1 |  1.1
Fighting       | |  3.5
Long Blades    | |  2.7
Dodging        | |  2.7
Invocations    | |  2.0

Action                   |  1- 3 |  4- 6 || total
-------------------------+-------+-------++-------
Melee: Short sword       |    76 |    21 ||    97
       Constrict         |    20 |     5 ||    25
       Tentacles         |     9 |     2 ||    11
Invok: Depart the Abyss  |     1 |       ||     1
 Stab: Sleeping          |     6 |     1 ||     7
  Eat: Chunk             |     1 |     1 ||     2
Armor: Skin              |     5 |     2 ||     7
Dodge: Dodged            |    35 |     9 ||    44
